cohdb
Replays
Latest Replays
All Replays
Popular Replays
Top Player Replays
Match Explorer
How It Works
Community
CoH3 Stats
Reddit
Sign in to upload your games and track your stats! →
Sign in with Steam
Match 45637385
Unlisted
Match 45637385
Overview
Messages
Build Orders
End
Construct Infanterie Kompanie
Grenadier Squad
Grenadier Squad
Grenadier Squad
Grenadier Squad
Construct Luftwaffe Kompanie
Jäger Squad
221 Scout Car
Flak 30 Anti-aircraft Gun Team
Jäger Squad
Support Elements
Wirbelwind Flakpanzer
Wirbelwind Flakpanzer
Pioneer Squad
Selects Breakthrough Battlegroup
Selects Rapid Production
Selects Blitzkrieg
Selects Tiger Heavy Tank
Tiger Heavy Tank
Selects Assault Grenadiers
Selects Smoke Bombing Run
Selects Incendiary Bombing Run
Incendiary Bombing Run
Tiger Heavy Tank
カルト_くん
KeepMovingShnep
FooKilla
Quack
0
0
Comments
sign in to comment!
No comments posted yet!